 Dungeon Crawl Stone Soup version 0.30.0 (webtiles) character file.

Game seed: 2280108362862303782

539 wpisznazwe the Slasher (level 7, -7/53 HPs)
             Began as a Merfolk Gladiator on May 6, 2023.
             Was a Follower of Okawaru.
             Mangled by Pikel
             ... wielding a +0 whip of electrocution
              (18 damage)
             ... on level 4 of the Dungeon.
             The game lasted 00:03:52 (5180 turns).

wpisznazwe the Slasher (Merfolk Gladiator)          Turns: 5180, Time: 00:03:52

Health: -7/53      AC:  7    Str: 14    XL:     7   Next: 26%
Magic:  5/7        EV: 18    Int:  8    God:    Okawaru [*.....]
Gold:   198        SH:  0    Dex: 17    Spells: 6/6 levels left

rFire   . . .        D - +0 great sword
rCold   . . .        (shield currently unavailable)
rNeg    . . .        b - +0 leather armour
rPois   .            c - +0 helmet
rElec   .            A - +0 cloak
rCorr   .            (no gloves)
SInv    .            n - +0 pair of boots
Will    .....        (no amulet)
Stlth   ++++         (no ring)
HPRegen 0.28/turn    (no ring)
MPRegen 0.10/turn

%: no passive effects
@: heroic
A: (nimble swimmer 2), mertail
a: Renounce Religion, Heroism


You were on level 4 of the Dungeon.
You worshipped Okawaru.
Okawaru was aware of your devotion.
You visited 1 branch of the dungeon, and saw 4 of its levels.

You collected 198 gold pieces.

Inventory:

Hand Weapons
 a - a +0 long sword
 D - a +0 great sword (weapon)
Missiles
 d - 3 throwing nets (quivered)
 e - a javelin
 l - 5 silver javelins
Armour
 b - a +0 leather armour (worn)
 c - a +0 helmet (worn)
 n - a +0 pair of boots (worn)
 r - the +0 helmet of Kutaew {Harm rElec}
   (You found it on level 2 of the Dungeon)

   rElec:     It insulates you from electricity.
   Harm:      It increases damage dealt and taken.
 x - the +1 leather armour "Wietz" {rC+++ Str+4 Dex-5}
   (You found it on level 3 of the Dungeon)

   Str:       It affects your strength (+4).
   Dex:       It affects your dexterity (-5).
   rC:        It renders you almost immune to cold.
 A - a +0 cloak (worn)
Jewellery
 g - an amulet of magic regeneration
Scrolls
 i - 7 scrolls of identify {unknown}
 m - 2 scrolls of poison {unknown}
 o - 2 scrolls of fear {unknown}
 q - 2 scrolls of magic mapping {unknown}
 u - a scroll of immolation {unknown}
 w - 2 scrolls of amnesia {unknown}
 y - a scroll of torment {unknown}
 B - a scroll of silence {unknown}
 E - a scroll of teleportation {unknown}
Potions
 f - a potion of curing {unknown}
 h - 2 potions of ambrosia {unknown}
 j - 2 potions of flight {unknown}
 k - 2 potions of haste {unknown}
 p - a potion of degeneration {unknown}
 s - 3 potions of berserk rage {unknown}
 t - a potion of invisibility {unknown}
 v - a potion of magic {unknown}
 z - 2 potions of heal wounds {unknown}
 C - 2 potions of brilliance


   Skills:
 + Level 3.7(8.7) Fighting
 + Level 7.1(12.1) Long Blades
 + Level 2.2(7.2) Throwing
 + Level 6.2(11.2) Dodging
 + Level 2.6(7.6) Stealth


You had 6 spell levels left.
You didn't know any spells.
Your spell library contained the following spells:

 Spells                   Type           Power      Damage    Failure   Level
 Slow                     Hex            0%         N/A       47%         1
 Poisonous Vapours        Pois/Air       0%         N/A       63%         2
 Confusing Touch          Hex            0%         N/A       85%         3
 Dazzling Flash           Conj/Hex       0%         N/A       85%         3
 Mephitic Cloud           Conj/Pois/Air  0%         N/A       85%         3
 Vampiric Draining        Necr           0%         2d6       85%         3
 Blade Hands              Tmut           0%         N/A       100%        5
 Freezing Cloud           Conj/Ice/Air   0%         6-21      100%        5
 Iron Shot                Conj/Erth      0%         9d1       100%        6
 Animate Armour           Summ/Erth      Unusable   N/A       N/A         4
 Spellforged Servitor     Conj/Summ      Unusable   N/A       N/A         7

Dungeon Overview and Level Annotations

Branches:
Dungeon (4/15)
 Temple: D:4-7

Altars:
Gozag
Okawaru
Trog

Annotations:
D:4 Pikel


Innate Abilities, Weirdness & Mutations

((You are very nimble when in or above water. (Stealth+, EV+, Speed+++)))
Your lower body shifts to a powerful aquatic tail in water.


Message History

There are monsters nearby!
You are too injured to fight recklessly!
You are too injured to fight recklessly!
Unknown command.
You hit Pikel.
Pikel is lightly wounded.
Pikel hits you but does no damage.
Unknown command.
You gain the combat prowess of a mighty hero.
Pikel hits you with a +0 whip of electrocution.
You miss Pikel.
Pikel is lightly wounded.
Pikel hits you with a +0 whip of electrocution.
* * * LOW HITPOINT WARNING * * *
You hit Pikel but do no damage.
Pikel is lightly wounded.
Pikel misses you.
You closely miss Pikel.
Pikel is lightly wounded.
Pikel hits you with a +0 whip of electrocution.
* * * LOW HITPOINT WARNING * * *
Unknown command.
Okay, then.
Okay, then.
Unknown command.
You hit Pikel.
Pikel is lightly wounded.
Pikel barely misses you.
You hit Pikel but do no damage.
Pikel is lightly wounded.
Pikel closely misses you.
You closely miss Pikel.
Pikel is lightly wounded.
Pikel completely misses you.
You hit Pikel but do no damage.
Pikel is lightly wounded.
Pikel hits you with a +0 whip of electrocution.
* * * LOW HITPOINT WARNING * * *
You are electrocuted!!
You die...

#### #.#
#≈≈## #.#
#≈≈≈#########
##≈≈≈##......
##≈≈≈##.....
########
##≈≈≈##....
#......#
###≈≈≈##..[
#.####.#
#g##≈≈≈##..
#.# #@#
#..##≈≈≈##.
#.# #K#
#...##≈≈≈##
#.# #55
#...K##≈≈≈#
#.# ####
###.....##≈≈≈
#.##
#.#...).K##≈≈
#..#
#.#......K##≈
##.#
#.'........##
#.#
#.'.........#
#.#
#.###########


You could see Pikel and 2 lemures.

Vanquished Creatures
  An ogre (D:4)
  A lemure (D:4)
  A phantom (D:2)
  Blork the orc (D:4)
  Terence (D:2)
  Natasha (thrice) (D:3)
  An orc wizard (D:3)
  5 gnolls (D:4)
  4 adders
  A white imp (D:3)
  3 dart slugs
  13 orcs
  9 ball pythons
  8 endoplasms
  3 giant cockroaches
  5 goblins
  6 hobgoblins
  3 quokkas
  3 bats (D:1)
  5 frilled lizards
  7 kobolds
  5 rats
89 creatures vanquished.

Notes
Turn   | Place    | Note
-------+----------+-------------------------------------------
     0 | D:1      | wpisznazwe the Merfolk Gladiator began the quest for the
                  | Orb.
     0 | D:1      | Reached XP level 1. HP: 16/16 MP: 1/1
   167 | D:1      | Reached XP level 2. HP: 19/22 MP: 2/2
   327 | D:1      | Reached skill level 4 in Long Blades
   818 | D:1      | Reached XP level 3. HP: 27/28 MP: 3/3
  1110 | D:2      | Found an iron altar of Okawaru.
  1140 | D:2      | Reached skill level 5 in Dodging
  1168 | D:2      | Became a worshipper of Warmaster Okawaru
  1245 | D:2      | Noticed Terence
  1250 | D:2      | Killed Terence
  1251 | D:2      | Reached XP level 4. HP: 20/34 MP: 4/4
  1349 | D:2      | Noticed a phantom
  1368 | D:2      | Killed a phantom
  1369 | D:2      | Reached skill level 5 in Long Blades
  1369 | D:2      | Reached XP level 5. HP: 21/40 MP: 5/5
  1514 | D:2      | Identified the +0 helmet of Kutaew {Harm rElec}
  1584 | D:2      | Reached skill level 1 in Stealth
  2075 | D:3      | Reached * piety under Okawaru
  2306 | D:3      | Found a bloodstained altar of Trog.
  2314 | D:3      | Reached XP level 6. HP: 47/47 MP: 6/6
  2544 | D:3      | Noticed Natasha
  2551 | D:3      | Killed Natasha
  2744 | D:3      | Got the Monograph on Injurious Beguiling
  2899 | D:3      | Identified the +1 leather armour "Wietz" {rC+++ Str+4
                  | Dex-5}
  3242 | D:3      | Noticed Natasha
  3255 | D:3      | Killed Natasha
  3256 | D:3      | Reached skill level 6 in Long Blades
  3419 | D:3      | Found a bloodstained altar of Trog.
  3871 | D:3      | Noticed Natasha
  3877 | D:3      | Killed Natasha
  4031 | D:4      | Found an opulent altar of Gozag.
  4292 | D:4      | Reached XP level 7. HP: 11/52 MP: 7/7
  4858 | D:4      | Noticed Blork the orc
  4870 | D:4      | Killed Blork the orc
  4871 | D:4      | Reached skill level 7 in Long Blades
  5168 | D:4      | Noticed Pikel
  5180 | D:4      | Mangled by Pikel

Illustrated notes

Levels and vault maps discovered:
D:1:      matt_arrival_diagonals, layout_basic, minmay_fountain_box
D:2:      layout_rooms, basic_altar, serial_corexii_hall,
          corexii_hall_statues_u, corexii_hall_statues_t,
          chequers_hall_statues_wall_a, chequers_hall_statues_corner_a,
          uniq_terence
D:3:      layout_basic, lightli_temple_of_fire, uniq_natasha
D:4:      layout_loops_ring, nicolae_gozag_seed_capital,
          kennysheep_opposing_triangles, uniq_blork_the_orc, uniq_pikel

Skill      XL: |  1  2  3  4  5  6  7 |
---------------+----------------------+-----
Long Blades    | 4 5 6 7 |  7.1
Dodging        | 5 6 |  6.2
Stealth        | 1 2 |  2.6
Fighting       | 3 |  3.7
Throwing       | |  2.2

Action                     |  1- 3 |  4- 6 |  7- 9 || total
---------------------------+-------+-------+-------++-------
  Melee: Long sword        |   104 |   149 |    31 ||   284
         Punch             |       |     3 |     1 ||     4
         Great sword       |       |       |    32 ||    32
 Invoke: Heroism           |       |       |     1 ||     1
   Stab: Sleeping          |     1 |     4 |     3 ||     8
         Distracted        |       |     1 |       ||     1
 Armour: Leather armour    |    48 |    32 |    11 ||    91
  Dodge: Dodged            |    94 |    99 |    48 ||   241
